 Dungeon Crawl Stone Soup version 0.23.2-40-g277498a001 (webtiles) character file.

Game seed: 17360020234718602589

144 Curus the Insei (level 5, -2/37 HPs)
             Began as a Merfolk Transmuter on Sept 21, 2019.
             Slain by a goblin
             ... wielding a +0 club
             ... led by Robin
              (5 damage)
             ... on level 2 of the Dungeon.
             The game lasted 00:10:36 (1391 turns).

Curus the Insei (Merfolk Transmuter)                Turns: 1391, Time: 00:10:37

Health: -2/37      AC:  2    Str: 11    XL:     5   Next: 27%
Magic:  2/8        EV: 21    Int: 13    God:
Gold:   98         SH:  0    Dex: 19    Spells: 4/8 levels left

rFire    . . .     SeeInvis .     - Unarmed
rCold    . . .     Gourm    .   (shield currently unavailable)
rNeg     . . .     Faith    .   (armour currently unavailable)
rPois    x         Spirit   .   (helmet currently unavailable)
rElec    .         Reflect  .   (cloak currently unavailable)
rCorr    .         Harm     .   (gloves currently unavailable)
MR       .....                  (boots currently unavailable)
Stlth    ++........             (no amulet)
HPRegen  0.12/turn              (no ring)
MPRegen  0.11/turn              (no ring)

@: spider-form
A: tiny, (change form in water), (swift swim), (stealthy swim)
a: End Transformation


You were on level 2 of the Dungeon.
You were hungry.
You were a venomous arachnid creature.
You visited 1 branch of the dungeon, and saw 3 of its levels.

You collected 98 gold pieces.

Inventory:

Missiles
 a - 31 arrows
Armour
 b - a +0 robe (melded)
 e - a cursed +0 helmet
Jewellery
 f - an uncursed ring of ice
Potions
 c - a potion of invisibility
Comestibles
 d - 4 rations
 g - 2 chunks of flesh


   Skills:
 - Level 1.1 Fighting
 - Level 2.6 Dodging
 - Level 5.0 Unarmed Combat
 - Level 2.0 Spellcasting
 + Level 4.2 Transmutations
 + Level 2.3 Poison Magic


You had 4 spell levels left.
You knew the following spells:

 Your Spells              Type           Power        Failure   Level  Hunger
a - Beastly Appendage     Tmut           ##....       14%         1    ##.....
b - Spider Form           Tmut/Pois      #.........   41%         3    ####...

Your spell library contained the following spells:

 Spells                   Type           Power        Failure   Level  Hunger
 Sticks to Snakes         Tmut           ##......     19%         2    ###....
 Ice Form                 Ice/Tmut       #.......     87%         4    #####..
 Blade Hands              Tmut           ##........   90%         5    ######.


Dungeon Overview and Level Annotations

Branches:
Dungeon (3/15)

Altars:
Gozag
Makhleb
Sif Muna
Wu Jian

Annotations:
D:3 Robin


Message History

You turn into a venomous arachnid creature.
Your +0 robe melds into your body.
The goblin hits you with a +0 club.
* * * LOW HITPOINT WARNING * * *
The goblin hits you but does no damage.
You completely miss the goblin.
The goblin is severely wounded.
The goblin misses you. The goblin completely misses you.
You bite the goblin!
You kill the goblin!
You hit the goblin.
The goblin is heavily wounded.
The goblin hits you but does no damage. The kobold barely misses you.
You are feeling hungry.
You hit the kobold.
You kill the kobold!
The goblin misses you.
You hit the goblin.
The goblin is poisoned.
The goblin is severely wounded.
The goblin hits you with a +0 club.
You die...

#..##.##########
#.......§§§§§§§#
#..##.########§#
#####.##.########§#
#......#.....#....#
#.####.#.###.#.####
#...##...# #.#.#
#.).###g)# #.#.#
#....###s###.#.#
##....####...#.#
###...###.###.#
###..##.# #.#
#####..#.#
#.#######
##..#..##.#
#.......#
##.÷...###.#
#######.# #∩_..###
#.# #.# ##..## #.#
#.#


You could see a goblin.

Vanquished Creatures
  A hound (D:2)
  3 gnolls
  2 adders (D:2)
  An ooze (D:2)
  A worm (D:2)
  A dart slug (D:1)
  A leopard gecko (D:1)
  3 orcs (D:3)
  3 bats
  2 giant cockroaches
  15 goblins
  10 hobgoblins
  3 jackals (D:2)
  A ball python (D:1)
  4 frilled lizards (D:2)
  3 kobolds
  2 rats (D:1)
56 creatures vanquished.

Notes
Turn   | Place    | Note
-------+----------+-------------------------------------------
     0 | D:1      | Curus the Merfolk Transmuter began the quest for the Orb.
     0 | D:1      | Reached XP level 1. HP: 15/15 MP: 3/3
   139 | D:1      | Reached XP level 2. HP: 21/21 MP: 5/5
   179 | D:1      | Reached skill level 4 in Unarmed Combat
   467 | D:2      | Reached XP level 3. HP: 17/26 MP: 4/6
   480 | D:1      | Reached skill level 5 in Unarmed Combat
   485 | D:1      | Learned a level 3 spell: Spider Form
   765 | D:2      | Reached XP level 4. HP: 20/32 MP: 5/7
   840 | D:2      | Reached skill level 1 in Poison Magic
   873 | D:2      | Found a deep blue altar of Sif Muna.
   983 | D:2      | Found an opulent altar of Gozag.
   994 | D:2      | Found an ornate altar of the Wu Jian Council.
  1275 | D:2      | Found a burning altar of Makhleb.
  1282 | D:2      | Reached XP level 5. HP: 31/37 MP: 8/8
  1343 | D:3      | Noticed Robin
  1391 | D:2      | Slain by a goblin

Skill      XL: |  1  2  3  4  5 |
---------------+----------------+-----
Unarmed Combat | 4 5 |  5.0
Transmutations | 3 4 |  4.2
Poison Magic   | 2 |  2.3
Fighting       | |  1.1
Dodging        | |  2.6
Spellcasting   | |  2.0

Action                   |  1- 3 |  4- 6 || total
-------------------------+-------+-------++-------
Melee: Unarmed           |    80 |    92 ||   172
       Punch             |     2 |     2 ||     4
       Headbutt          |     3 |     2 ||     5
 Cast: Beastly Appendage |     5 |     4 ||     9
       Spider Form       |       |     4 ||     4
  Use: Potion            |     3 |     1 ||     4
       Scroll            |       |     3 ||     3
 Stab: Sleeping          |     1 |     1 ||     2
       Distracted        |       |     1 ||     1
  Eat: Chunk             |       |     2 ||     2
Armor: Robe              |     7 |     9 ||    16
       Skin              |       |     4 ||     4
Dodge: Dodged            |    35 |    73 ||   108
